 Dungeon Crawl Stone Soup version 0.28.0-1-gb440e238dd (webtiles) character file.

Game seed: 15284597106315369237

105 fknight the Chopper (level 4, -8/40 (41) HPs)
             Began as a Hill Orc Monk on Feb 21, 2022.
             Was a Believer of Beogh.
             Mangled by Crazy Yiuf (11 damage)
             ... on level 3 of the Dungeon.
             The game lasted 00:14:40 (2923 turns).

fknight the Chopper (Hill Orc Monk)                 Turns: 2923, Time: 00:14:40

HP:   -8/40 (41)    AC:  5    Str: 15    XL:     4   Next: 81%
MP:   4/4           EV: 12    Int: 16    God:    Beogh [**....]
Gold: 85            SH:  0    Dex: 13    Spells: 2/3 levels left

rFire   + . .      SeeInvis .   a - +0 hand axe
rCold   + + .      Faith    .   (no shield)
rNeg    . . .      Spirit   .   c - +2 robe {rC+}
rPois   +          Reflect  .   (no helmet)
rElec   +          Harm     .   (no cloak)
rCorr   +          Rampage  .   (no gloves)
Will    .....                   l - +0 pair of boots
Stlth   ++........              (no amulet)
HPRegen 0.13/turn               e - +6 ring of intelligence
MPRegen 0.09/turn               (no ring)

@: resistant, hasted, lightly drained, invisible, very quick
A: no striking features
a: Renounce Religion, Smiting


You were on level 3 of the Dungeon.
You worshipped Beogh.
Beogh was pleased with you.
You visited 1 branch of the dungeon, and saw 3 of its levels.

You collected 125 gold pieces.
You spent 40 gold pieces at shops.

Inventory:

Hand Weapons
 a - a +0 hand axe (weapon)
 d - a +0 dagger of pain
 o - a +0 shortbow
Missiles
 f - 75 stones (quivered)
 m - 6 poisoned darts
Armour
 c - a +2 robe of cold resistance (worn)
 k - a +0 scale mail
 l - a +0 pair of boots (worn)
Magical Staves
 j - a staff of fire
Jewellery
 e - a +6 ring of intelligence (left hand)
Scrolls
 b - 2 scrolls of fog
 h - 6 scrolls of identify
Potions
 i - a potion of degeneration


   Skills:
 + Level 4.4 Fighting
 + Level 5.4 Axes
 + Level 1.0 Throwing
 + Level 3.0 Dodging
 + Level 1.7 Stealth


You had 2 spell levels left.
You knew the following spells:

 Your Spells              Type           Power      Damage    Failure   Level
a - Magic Dart            Conj           0%         1d3       26%         1

Your spell library contained the following spells:

 Spells                   Type           Power      Damage    Failure   Level
 Call Imp                 Summ           0%         N/A       36%         2
 Ensorcelled Hibernation  Hex/Ice        0%         N/A       36%         2
 Mephitic Cloud           Conj/Pois/Air  0%         N/A       58%         3
 Spider Form              Tmut/Pois      0%         N/A       58%         3
 Anguish                  Hex/Necr       0%         N/A       94%         4


Dungeon Overview and Level Annotations

Branches:
Dungeon (3/15)

Altars:

Shops:
D:1 [   D:2 ?

Annotations:
D:3 Crazy Yiuf


Message History

Crazy Yiuf yells, "Island!
Cholesterol unthinkable ragdoll."
Crazy Yiuf whimpers, "Pitchfork foot turtle!"
It was a potion of haste.
You feel yourself speed up.
Crazy Yiuf grits, "Cod shrimp illywillydillykilly!"
Okay, then.
As you read the scroll of identify, it crumbles to dust.
g - a potion of resistance
As you read the scroll of identify, it crumbles to dust.
i - a potion of degeneration You feel protected.
You open the door. You hit Crazy Yiuf.
Crazy Yiuf is moderately wounded.
You barely miss Crazy Yiuf.
Crazy Yiuf is moderately wounded.
Crazy Yiuf hits you with a +3 quarterstaff of chaos!
You hit Crazy Yiuf.
Crazy Yiuf is heavily wounded.
Crazy Yiuf hits you with a +3 quarterstaff of chaos.
You hit Crazy Yiuf but do no damage.
Crazy Yiuf is heavily wounded.
Crazy Yiuf hits you with a +3 quarterstaff of chaos.
You feel drained.
* * * LOW HITPOINT WARNING * * *
You hit Crazy Yiuf.
Crazy Yiuf is heavily wounded.
You hit Crazy Yiuf but do no damage.
Crazy Yiuf is heavily wounded.
Crazy Yiuf hits you with a +3 quarterstaff of chaos!
* * * LOW HITPOINT WARNING * * *
You fade into invisibility!
You hit Crazy Yiuf but do no damage.
Crazy Yiuf is heavily wounded.
Crazy Yiuf drinks a potion.
Crazy Yiuf is healed!
You hit Crazy Yiuf but do no damage. Your punch misses Crazy Yiuf.
You closely miss Crazy Yiuf. Crazy Yiuf barely misses you.
You hit Crazy Yiuf but do no damage. Crazy Yiuf closely misses you.
You hit Crazy Yiuf but do no damage.
Crazy Yiuf hits you with a +3 quarterstaff of chaos!
You die...

#..##
###...........#
..#.##
#.###########
.###.## #.#
######## ##
##.####.# #####
#......##### #
##.....# #..)#
######...... ##
##.###### #...#
#......#####
.###.#######
... ######.#
..#........#
#g# #.#
##..######.#
♣♣@♣ #.#
#.........#
♣.♣♣ #.# ###
###.#######
♣♣.♣
######.###..
#.# ♣.♣♣
#....†......
####.# ♣♣.♣
##.....###..
...#.# ♣..♣♣♣
#.##### ##.
.....# ♣....♣
#.# #.
.....#####
##..## #.# #.
)........#
#....### #.#
###.


You could see Crazy Yiuf.

Vanquished Creatures
  4 adders
  2 worms (D:3)
  A dart slug (D:1)
  3 orcs (D:3)
  4 ball pythons
  5 bats
  6 endoplasms
  3 giant cockroaches
  4 goblins
  8 hobgoblins
  6 kobolds
  A quokka (D:1)
  A frilled lizard (D:3)
  6 rats
54 creatures vanquished.

Vanquished Creatures (others)
  A dart slug (D:3)
1 creature vanquished.

Grand Total: 55 creatures vanquished

Notes
Turn   | Place    | Note
-------+----------+-------------------------------------------
     0 | D:1      | fknight the Hill Orc Monk began the quest for the Orb.
     0 | D:1      | Reached XP level 1. HP: 19/19 MP: 1/1
   106 | D:1      | Reached XP level 2. HP: 16/27 MP: 2/2
   311 | D:1      | Found Xouh's Antique Armour Boutique.
   604 | D:1      | Reached XP level 3. HP: 31/33 MP: 3/3
  1230 | D:2      | Found Fiataewe's Magic Scroll Shop.
  1580 | D:2      | Bought a scroll of identify for 20 gold pieces
  1582 | D:2      | Bought a scroll of fog for 20 gold pieces
  1639 | D:3      | Reached skill level 5 in Axes
  1639 | D:3      | Reached XP level 4. HP: 28/40 MP: 4/4
  1753 | D:3      | Learned a level 1 spell: Magic Dart
  2242 | D:3      | Became a worshipper of Beogh the Brigand
  2242 | D:3      | Reached * piety under Beogh
  2242 | D:3      | Reached ** piety under Beogh
  2266 | D:3      | Reached skill level 1 in Throwing
  2370 | D:3      | Found a runed translucent door.
  2905 | D:3      | Noticed Crazy Yiuf
  2923 | D:3      | Mangled by Crazy Yiuf

Illustrated notes

Levels and vault maps discovered:
D:1:      lightli_iron_boxes, layout_rooms, serial_shops, shop,
          minmay_misc_feat_diagonals, chequers_garden
D:2:      layout_rooms, serial_shops, shop_scrolls
D:3:      layout_loops_ring, grunt_decor_arrowhead, uniq_crazy_yiuf_cottage

Skill      XL: |  1  2  3  4 |
---------------+-------------+-----
Fighting       | 4 |  4.4
Axes           | 5 |  5.4
Dodging        | 3 |  3.0
Throwing       | 1 |  1.0
Stealth        | |  1.7

Action                   |  1- 3 |  4- 6 || total
-------------------------+-------+-------++-------
Melee: Hand axe          |   127 |   103 ||   230
       Punch             |       |     1 ||     1
Throw: Stone             |    48 |    16 ||    64
Invok: Convert to Beogh  |       |     1 ||     1
  Use: Scroll            |     4 |     2 ||     6
       Potion            |       |     2 ||     2
 Stab: Sleeping          |       |     1 ||     1
Armor: Robe              |    52 |    15 ||    67
Dodge: Dodged            |    96 |    62 ||   158
